 Dungeon Crawl Stone Soup version 0.29-a0-653-gd47aff6735 (webtiles) character file.

Game seed: 14934481707490443892

90696 zeratav the Marksspriggan (level 15, -1/80 HPs)
             Began as a Spriggan Arcane Marksman on June 21, 2022.
             Was the Champion of Dithmenos.
             Succumbed to a swamp dragon's poison gas
             ... on level 1 of the Swamp.
             The game lasted 01:23:39 (34191 turns).

zeratav the Marksspriggan (SpAM)                   Turns: 34191, Time: 01:23:40

Health: -1/80      AC:  4    Str:  9    XL:     15   Next: 52%
Magic:  30/30      EV: 40    Int: 15    God:    Dithmenos [******]
Gold:   152        SH:  5    Dex: 33    Spells: 23/34 levels left

rFire   . . .      SeeInvis +   a - +6 shortbow (venom) {bow}
rCold   + . .      Faith    .   (shield currently unavailable)
rNeg    . . .      Spirit   .   y - +1 robe of Ignis's Outrage {Slay+2}
rPois   .          Reflect  +   (helmet restricted)
rElec   .          Harm     .   M - +0 cloak
rCorr   .          Rampage  .   (gloves unavailable)
Will    ++...                   (boots unavailable)
Stlth   ++++++++++              E - amulet of reflection
HPRegen 0.23/turn               U - ring "Gemyq" {rC+ Str+3 Dex+4 SInv}
MPRegen 0.22/turn               S - +6 ring of dexterity

@: lethally poisoned (-1 -> -24), wreathed by umbra, very quick
A: very small, no large weapons, unfitting armour, see invisible, speed 3
a: Renounce Religion, Shadow Step, Shadow Form


You were on level 1 of the Swamp.
You worshipped Dithmenos.
Dithmenos was exalted by your worship.
You visited 6 branches of the dungeon, and saw 26 of its levels.
You also visited: Ossuary and Ice Cave.

You collected 2410 gold pieces.
You spent 2258 gold pieces at shops.


Innate Abilities, Weirdness & Mutations

You are very small and have problems with some larger weapons.
You are too small for most types of armour.
You have supernaturally acute eyesight. (SInv)
You cover ground extremely quickly. (Speed+++)


   Skills:
 - Level 10.0 Fighting
 - Level 16.0 Bows
 + Level 15.1 Dodging
 - Level 10.0 Stealth
 - Level 10.0 Spellcasting
 - Level 10.0 Hexes
 - Level 10.0 Translocations
 - Level 10.0 Invocations
 - Level 10.0 Evocations


You had 23 spell levels left.
You knew the following spells:

 Your Spells              Type           Power      Damage    Failure   Level
a - Slow                  Hex            100%       N/A       1%          1
b - Portal Projectile     Hex/Tloc       74%        N/A       1%          3
c - Cause Fear            Hex            18%        N/A       1%          4
d - Tukima's Dance        Hex            37%        N/A       1%          3

Your spell library contained the following spells:

 Spells                   Type           Power      Damage    Failure   Level
 Gell's Gravitas          Tloc           37%        N/A       1%          3
 Teleport Other           Tloc           37%        N/A       1%          3
 Inner Flame              Hex/Fire       22%        N/A       3%          3
 Summon Guardian Golem    Hex/Summ       22%        N/A       3%          3
 Freeze                   Ice            28%        1d5       10%         1
 Magic Dart               Conj           28%        1d4       10%         1
 Necrotize                Necr           28%        1d5       10%         1
 Sandblast                Erth           14%        2d6       10%         1
 Summon Small Mammal      Summ           28%        N/A       10%         1
 Call Imp                 Summ           7%         N/A       14%         2
 Static Discharge         Conj/Air       7%         N/A       14%         2
 Dispersal                Tloc           18%        N/A       24%         6
 Frozen Ramparts          Ice            14%        1d3       28%         3
 Ignite Poison            Fire/Tmut/Pois 7%         N/A       28%         3
 Mephitic Cloud           Conj/Pois/Air  7%         N/A       28%         3
 Vampiric Draining        Necr           7%         2d6       28%         3
 Hailstorm                Conj/Ice       7%         3d4       67%         4
 Ice Form                 Ice/Tmut       7%         N/A       67%         4
 Petrify                  Tmut/Erth      7%         N/A       67%         4
 Summon Ice Beast         Ice/Summ       7%         N/A       67%         4
 Agony                    Necr           7%         N/A       95%         5
 Blade Hands              Tmut           3%         N/A       95%         5
 Iskenderun's Battlesphe  Conj           7%         2d6       95%         5
 Lightning Bolt           Conj/Air       3%         1d15      95%         5
 Iron Shot                Conj/Erth      3%         9d2       100%        6
 Orb of Destruction       Conj           3%         9d5       100%        7
 Spellforged Servitor     Conj/Summ      3%         N/A       100%        7
 Maxwell's Capacitive Co  Air            3%         ∞         100%        8

Inventory:

Hand Weapons
 a - a +6 shortbow of venom (weapon) {bow}
Armour
 y - the +1 robe of Ignis's Outrage (worn) {Slay+2}
   (You took it off a centaur on level 6 of the Dungeon)

   Slay:      It affects your accuracy & damage with ranged weapons and melee
   (+2).
 L - a +0 troll leather armour
   (You found it on level 10 of the Dungeon)
 M - a +0 cloak (worn)
   (You found it on level 11 of the Dungeon)
 R - +0 ice dragon scales
   (You found it on level 1 of the Lair of Beasts)
Jewellery
 k - a ring of positive energy
   (You bought it in a shop on level 2 of the Orcish Mines)
 l - a ring of protection from fire
   (You found it on level 2 of the Dungeon)
 m - a ring of resist corrosion
   (You found it on level 2 of the Dungeon)
 r - a ring of positive energy
   (You took it off a deep elf pyromancer on level 11 of the Dungeon)
 D - a ring of wizardry
   (You found it on level 7 of the Dungeon)
 E - an amulet of reflection (around neck)
   (You bought it in a shop on level 2 of the Orcish Mines)
 P - a ring of flight
   (You found it on level 14 of the Dungeon)
 S - a +6 ring of dexterity (right hand)
   (You bought it in a shop on level 2 of the Orcish Mines)
 U - the ring "Gemyq" (left hand) {rC+ Str+3 Dex+4 SInv}
   (You bought it in a shop on level 2 of the Orcish Mines)

   [ring of protection from cold]

   Str:       It affects your strength (+3).
   Dex:       It affects your dexterity (+4).
   rC:        It protects you from cold.
   SInv:      It lets you see invisible.
Wands
 b - a wand of flame (46)
   (You took it off Maggie on level 7 of the Dungeon)
 o - a wand of paralysis (34)
   (You found it on level 2 of the Dungeon)
 s - a wand of acid (21)
   (You found it on level 3 of the Dungeon)
 u - a wand of mindburst (17)
   (You found it on level 9 of the Dungeon)
 K - a wand of iceblast (10)
   (You found it on level 10 of the Dungeon)
 Q - a wand of polymorph (12)
   (You took it off Sonja on level 12 of the Dungeon)
Scrolls
 c - 6 scrolls of vulnerability {!r!r}
 e - 2 scrolls of fog
 f - 2 scrolls of silence {!r}
 g - a scroll of blinking {!r}
 j - 5 scrolls of magic mapping {!r}
 t - 7 scrolls of identify {@r1}
 v - 4 scrolls of poison {!r}
 w - 8 scrolls of teleportation {@r4}
 H - a scroll of enchant armour
 J - a scroll of immolation {!r!r}
 O - 5 scrolls of amnesia
Potions
 d - 2 potions of haste {@q3}
 h - 4 potions of mutation {!q}
 i - 4 potions of berserk rage {!q}
 n - 9 potions of curing {@q1}
 p - 2 potions of magic
 q - a potion of experience
 x - 5 potions of might
 z - 2 potions of cancellation
 A - 3 potions of lignification {!q}
 B - 14 potions of heal wounds {@q2}
 C - 3 potions of flight
 F - 4 potions of brilliance
 G - 3 potions of ambrosia
 I - 3 potions of resistance
 N - 5 potions of attraction {!q}
Miscellaneous
 T - a tin of tremorstones (2/2) {throwing}
   (You found it on level 6 of the Lair of Beasts)

Dungeon Overview and Level Annotations

Branches:
Dungeon (15/15) Zot: 26489  Temple (1/1) D:6 Zot: 5778    Lair (6/6) D:8 Zot: 25136
  Swamp (1/4) Lair:2 Zot: 5659  Spider (0/4) Lair:3        Slime (0/5) Lair:6
    Orc (2/2) D:12 Zot: 8952     Elf (1/3) Orc:2 Zot: 5862  Vaults (0/5) D:14
Ossuary (visited)           IceCv (visited)
 Depths: D:15

Altars:
Ashenzari
Cheibriados
Dithmenos
Elyvilon
Fedhas
Gozag
Hepliaklqana
Kikubaaqudgha
Makhleb
Nemelex Xobeh
Okawaru
Qazlal
Ru
Sif Muna
Trog
Uskayaw
Vehumet
Wu Jian
Xom
Yredelemnul
Zin
The Shining One
Beogh
Jiyva

Shops:
D:2 ::   Orc:1 [   Orc:2 =[*?!

Portals:
Pandemonium: Orc:2

Annotations:
D:8 1 runed translucent door, jujuben's ghost, novice DsAM
D:10 2 runed translucent doors, zhov's ghost, journeyman FoHu
D:11 1 runed translucent door
D:12 2 transporters, Sabo's ghost, journeyman HOFi

♣♣ ♣♣♣♣.≈≈..♣....≈♣♣
♣♣≈.♣≈≈≈.....≈...♣
♣♣♣♣♣..≈..≈≈≈.≈§....≈.
♣♣♣♣≈♣♣...≈....≈.≈≈≈..♣
§§§.♣♣♣♣≈.≈≈..≈≈≈..°..♣
§≈.≈≈.≈♣....≈.§≈...☼♣.♣
§≈....≈..≈≈..†○§°.D.♣
)≈≈.....≈≈≈≈.≈○○....♣
§≈≈≈..≈≈≈≈≈..≈≈○@○♣.♣
.≈≈.♣..≈≈§≈.≈≈°°°○♣.≈♣
≈≈..).≈≈≈..≈♣≈.≈°.♣..♣
≈...♣...≈..♣♣.≈≈(.♣♣.♣
♣♣♣...≈....≈♣.≈≈..≈♣..
♣♣>.≈≈...♣♣♣≈....≈♣
♣.....≈≈≈≈≈≈♣♣....≈♣
≈♣♣≈≈.≈≈≈...♣.....♣♣
§♣♣.≈≈†≈§..♣♣


You could see a swamp dragon (extremely poisoned, catching breath).


Message History

Aim: a spriggan, wielding a +0 spear (severely wounded, extremely poisoned, umbra, 65% to hit)
You shoot an arrow. The arrow hits the spriggan!
You kill the spriggan!
Dithmenos accepts your kill.
You hear a splash.
Your shadow shoots an arrow.
You start resting.
Your extra speed is starting to run out.
HP[+6]
You regained 6 hp, and now have 21/80 hp.
You start resting.
You feel yourself slow down.
HP[+1]
You start resting.
A swamp dragon comes into view.
HP[+26]
You regained 26 hp, and now have 48/80 hp.
You are too injured to fight recklessly!
Unknown command.
Shoot: a) +6 shortbow (venom) {bow}
Press: ? - help, Shift-Dir - straight line, f - swamp dragon
Aim: a swamp dragon (wandering, hasn't noticed you, umbra, 85% to hit)
You shoot an arrow.
The arrow barely misses the swamp dragon.
The swamp dragon breathes poison at you.
HP[+1] Shoot: a) +6 shortbow (venom) {bow}
Press: ? - help, Shift-Dir - straight line, f/p - swamp dragon
Aim: a swamp dragon (catching its breath, umbra, 85% to hit)
You shoot an arrow. The arrow hits the swamp dragon.
Your shadow shoots an arrow.
The arrow hits the swamp dragon.
You are engulfed in poison gas.
You are poisoned.
You feel very sick.
HP[-8]
You take 8 damage, and now have 41/80 hp.
You feel sick.
There is a staircase back to the Lair here.
HP[-1]
You take 1 damage, and now have 40/80 hp.
Shoot: a) +6 shortbow (venom) {bow}
Press: ? - help, Shift-Dir - straight line, f/p - swamp dragon
Aim: a swamp dragon (poison gas, lightly wounded, catching its breath, umbra, 85% to hit)
You shoot an arrow. The arrow hits the swamp dragon!
Your shadow shoots an arrow.
The arrow hits the swamp dragon but does no damage.
You feel sick.
HP[-2]
You take 2 damage, and now have 38/80 hp.
Shoot: a) +6 shortbow (venom) {bow}
Press: ? - help, Shift-Dir - straight line, f/p - swamp dragon
Aim: a swamp dragon (poison gas, lightly wounded, umbra, 85% to hit)
You shoot an arrow. The arrow hits the swamp dragon!
You feel sick.
HP[-1]
You take 1 damage, and now have 37/80 hp.
Shoot: a) +6 shortbow (venom) {bow}
Press: ? - help, Shift-Dir - straight line, f/p - swamp dragon
Aim: a swamp dragon (poison gas, heavily wounded, umbra, 85% to hit)
You shoot an arrow. The arrow hits the swamp dragon!
Your shadow shoots an arrow.
The arrow hits the swamp dragon but does no damage.
You feel sick.
The swamp dragon breathes poison at you.
The blast of poison misses you.
HP[-1]
You take 1 damage, and now have 36/80 hp.
Shoot: a) +6 shortbow (venom) {bow}
Press: ? - help, Shift-Dir - straight line, f/p - swamp dragon
Aim: a swamp dragon (poison gas, heavily wounded, catching its breath, umbra, 85% to hit)
You shoot an arrow. The arrow hits the swamp dragon.
You are engulfed in poison gas.
You are more poisoned.
* * * LOW HITPOINT WARNING * * *
You feel very sick.
HP[-5]
You take 5 damage, and now have 31/80 hp.
Shoot: a) +6 shortbow (venom) {bow}
Press: ? - help, Shift-Dir - straight line, f/p - swamp dragon
Aim: a swamp dragon (poison gas, severely wounded, catching its breath, umbra, 85% to hit)
You shoot an arrow. The arrow hits the swamp dragon!
The swamp dragon is poisoned.
You are engulfed in poison gas.
You are more poisoned.
* * * LOW HITPOINT WARNING * * *
x2 You feel very sick.
HP[-11]
You take 11 damage, and now have 20/80 hp.
Shoot: a) +6 shortbow (venom) {bow}
Press: ? - help, Shift-Dir - straight line, f/p - swamp dragon
Aim: a swamp dragon (poison gas, almost dead, very poisoned, catching its breath, umbra, 85% to hit)
You shoot an arrow. The arrow hits the swamp dragon.
The swamp dragon looks as sick as possible!
You are engulfed in poison gas.
You are more poisoned.
* * * LOW HITPOINT WARNING * * *
x2 You feel extremely sick.
HP[-14]
You take 14 damage, and now have 6/80 hp.
You feel better.
You are engulfed in poison gas.
You are lethally poisoned!
* * * LOW HITPOINT WARNING * * *
You die...

Skill      XL: |  1  2  3  4  5  6  7  8  9 10 11 12 13 14 15 |
---------------+----------------------------------------------+-----
Bows           | 3 4 5 6 7 9 10 13 16 | 16.0
Stealth        | 5 6 10 | 10.0
Dodging        | 5 10 15 | 15.1
Fighting       | 5 10 | 10.0
Translocations | 3 10 | 10.0
Hexes          | 10 | 10.0
Evocations     | 5 10 | 10.0
Spellcasting   | 8 10 | 10.0
Invocations    | 6 10 | 10.0

Action                   |  1- 3 |  4- 6 |  7- 9 | 10-12 | 13-15 || total
-------------------------+-------+-------+-------+-------+-------++-------
Melee: Spear             |    22 |    76 |   390 |   352 |       ||   840
       Punch             |       |       |     5 |     2 |       ||     7
 Fire: Shortbow          |    73 |       |       |   481 |  1541 ||  2095
 Cast: Slow              |     3 |       |     4 |    21 |     4 ||    32
       Cause Fear        |       |       |       |       |     7 ||     7
       Tukima's Dance    |       |       |       |       |     9 ||     9
       Portal Projectile |       |       |       |       |     3 ||     3
Evoke: Wand              |       |       |     1 |     1 |       ||     2
  Use: Scroll            |       |     6 |       |    24 |     9 ||    39
       Potion            |       |       |     1 |     1 |     2 ||     4
 Stab: Sleeping          |     5 |     8 |    13 |     7 |       ||    33
       Paralysed         |       |       |     7 |       |       ||     7
       Distracted        |       |       |     2 |     2 |       ||     4
Armor: Robe              |     5 |     1 |    17 |    18 |     6 ||    47
Dodge: Dodged            |    35 |    12 |   209 |   296 |   308 ||   860
Block: Other             |       |       |       |       |    19 ||    19
       Reflection        |       |       |       |       |    12 ||    12

Levels and vault maps discovered:
D:1:      ldierk_walled_garden, layout_basic,
          hellmonk_ecumenical_altar_arch_garden, minmay_misc_feat_doors
D:2:      layout_loops_corners, serial_shops, shop, nicolae_shop_waterfront
D:3:      layout_basic, kennysheep_big_empty_room, roderic_lattice_a,
          uniq_natasha, uniq_robin
D:4:      layout_cave_pods, makhleb_altar_promises_db, guppyfry_early_orc_mine
D:5:      layout_gridville, minmay_misc_feat_chi
D:6:      layout_cave_pools, minmay_temple_entry_enclosed_plants,
          enter_ossuary_3, chequers_serial_rivers_micro_b,
          kb_lookout_dungeons_type
D:7:      layout_cave_pools, uniq_maggie, uniq_pikel
D:8:      layout_basic, grunt_lair_entry_orc_guard_hut, ebering_ghost_xom,
          uniq_prince_ribbit1
D:9:      layout_long_grid, kennysheep_generic_room_2
D:10:     layout_cave_pods, lemuel_crystal_altar, ebering_ghost_disaster_area
D:11:     layout_basic, minmay_st_funbox, minmay_variable_closet,
          minmay_fractal_squares_gapless_7, uniq_urug
D:12:     layout_basic, zombieorc2_lemuel, portal_ice_cave_demonic_guard,
          gammafunk_ghost_hive, uniq_sonja
D:13:     layout_irregular_city
D:14:     layout_roguey, grunt_vaults_entry_fortified,
          dreamdust_mushroom_princess
D:15:     gammafunk_depths_entry_grave, layout_layer_cave
Temple:   mainiacjoe_temple_cubbyholes
Lair:1:   layout_chaotic_city, infiniplex_staircase_pool_2,
          serial_bayou_shore_a, grunt_megastairs_3, uniq_grum
Lair:2:   layout_long_grid, nicolae_swamp_entry_splash_gauntlet, basic_altar,
          minmay_holes, cheibrodos_lair_lostbears, grunt_megastairs_4
Lair:3:   layout_cave_shapes, hellmonk_spider_entry_not_the_bees,
          nicolae_lair_grove_arrangements, grunt_megastairs_2
Lair:4:   layout_cave_pods, nicolae_lair_grazing_beasts
          [nicolae_sub_lair_graze_edge, nicolae_sub_lair_graze_edge,
          nicolae_sub_lair_graze_edge, nicolae_sub_lair_graze_edge],
          grunt_megastairs_1
Lair:5:   layout_loops_ring, ebering_ghost_funeral_grove
Lair:6:   minmay_lair_end_frog_pond, layout_misc_corridors, slime_altar_1,
          infiniplex_staircase_pool
Swamp:1:  layout_basic_swamp, evilmike_swamp_ruin_house_2, swamp_pool1,
          ldierk_geyser, hangedman_swamp_lotus, hangedman_swamp_diagram
Orc:1:    nicolae_orc_accident_1, layout_caves, serial_shops,
          nicolae_shop_hallway_plus
Orc:2:    pf_orc_diabolical, layout_caves, basic_altar, serial_shops, shop,
          mines2_david, uniq_erolcha
Elf:1:    eino_elf_arrival_shootout, layout_gridlike, minivault_28

Notes
Turn   | Place    | Note
-------+----------+-------------------------------------------
     0 | D:1      | zeratav the Spriggan Arcane Marksman began the quest for
                  | the Orb.
     0 | D:1      | Reached XP level 1. HP: 9/9 MP: 3/3
     0 | D:1      | magus.rc [v1.9.6]
   190 | D:1      | Found a faded altar of an unknown god.
   216 | D:1      | Reached skill level 3 in Bows
   262 | D:1      | HP: 2/9 [constriction (2)]
   264 | D:1      | Reached XP level 2. HP: 4/14 MP: 0/5
  1031 | D:2      | Reached skill level 4 in Bows
  1073 | D:2      | Found Jolauxod's Book Shop.
  1240 | D:2      | HP: 2/14 [frozen (5)]
  1548 | D:2      | Found Qewolacu's Book Shoppe.
  1569 | D:2      | Reached XP level 3. HP: 17/17 MP: 6/6
  2033 | D:3      | Identified the +11 spear of the Dead {freeze, Fragile Int+3
                  | Dex+2 Stlth+}
  2232 | D:3      | Noticed Robin
  2235 | D:3      | Reached skill level 5 in Bows
  2242 | D:3      | Killed Robin
  2242 | D:3      | HP: 3/17 [goblin/+0 dagger[Robin] (4)]
  2243 | D:3      | Reached XP level 4. HP: 4/21 MP: 7/7
  2693 | D:3      | Noticed Natasha
  2699 | D:3      | Killed Natasha
  2700 | D:3      | Reached skill level 6 in Bows
  2990 | D:3      | You pick up a book of Necromancy and begin reading...
  2990 | D:3      | You add the spells Necrotize, Vampiric Draining and Agony
                  | to your library.
  3018 | D:3      | Noticed Natasha
  3020 | D:3      | Killed Natasha
  3021 | D:3      | Reached XP level 5. HP: 25/25 MP: 8/8
  3415 | D:4      | Reached skill level 7 in Bows
  3483 | D:4      | Found a burning altar of Makhleb.
  3483 | D:4      | Noticed a green death
  3577 | D:4      | Reached XP level 6. HP: 22/29 MP: 9/9
  3788 | D:4      | Reached skill level 8 in Bows
  3996 | D:4      | Noticed an orc warrior
  4024 | D:4      | Killed an orc warrior
  4286 | D:4      | Reached skill level 9 in Bows
  4680 | D:5      | Entered Level 5 of the Dungeon
  4689 | D:5      | Reached XP level 7. HP: 32/32 MP: 10/10
  5311 | D:5      | Reached skill level 10 in Bows
  5311 | D:5      | Reached skill level 3 in Stealth
  5357 | D:5      | Reached skill level 5 in Stealth
  5668 | D:6      | Found a sand-covered staircase.
  5677 | Ossuary  | Entered an ossuary
  6091 | Ossuary  | Reached XP level 8. HP: 16/37 MP: 11/11
  6312 | D:6      | Reached skill level 11 in Bows
  6622 | D:6      | You pick up a book of Lightning and begin reading...
  6622 | D:6      | You add the spells Static Discharge, Lightning Bolt and
                  | Maxwell's Capacitive Coupling to your library.
  6919 | D:6      | Reached skill level 12 in Bows
  7437 | D:5      | HP: 8/37 [poisoned by a kobold brigand]
  7676 | D:6      | Reached skill level 13 in Bows
  7829 | D:6      | Identified the +1 robe of Ignis's Outrage {Slay+2}
  7915 | D:6      | Found a staircase to the Ecumenical Temple.
  7924 | Temple   | Entered the Ecumenical Temple
  8240 | Temple   | Became a worshipper of Dithmenos the Shadowed
  8363 | D:6      | Reached XP level 9. HP: 30/40 MP: 12/12
  8765 | D:7      | Noticed Pikel
  8790 | D:7      | HP: 9/40 [ice beast (12)]
  8877 | D:6      | Killed Pikel
  8878 | D:6      | Reached skill level 14 in Bows
  9143 | D:7      | You add the spells Sandblast, Freeze and Summon Small
                  | Mammal to your library.
  9143 | D:7      | Got A Beginning Course on Casting
  9261 | D:7      | Reached skill level 15 in Bows
  9401 | D:7      | Noticed Maggie
  9410 | D:7      | Killed Maggie
 10332 | D:8      | Reached skill level 16 in Bows
 10332 | D:8      | Reached skill level 3 in Dodging
 10339 | D:8      | Reached * piety under Dithmenos
 10562 | D:8      | Found a runed translucent door.
 10563 | D:8      | Found a shimmering altar of Xom.
 10563 | D:8      | Noticed jujuben's ghost (novice DsAM)
 10564 | D:8      | Noticed a +1 short sword of chaos
 10644 | D:8      | Found a staircase to the Lair.
 10664 | D:8      | Reached skill level 4 in Dodging
 10749 | D:8      | Reached skill level 5 in Dodging
 10749 | D:8      | Reached XP level 10. HP: 44/44 MP: 11/13
 10936 | D:8      | Noticed Prince Ribbit
 10969 | D:8      | Killed Prince Ribbit
 10970 | D:8      | Reached skill level 6 in Dodging
 11539 | D:9      | Reached skill level 7 in Dodging
 11730 | D:9      | Reached skill level 8 in Dodging
 11748 | D:9      | Reached skill level 9 in Dodging
 12391 | D:9      | Reached skill level 10 in Dodging
 12428 | D:9      | HP: 3/44 [troll (11)]
 12429 | D:9      | Reached skill level 1 in Fighting
 12466 | D:9      | Reached skill level 2 in Fighting
 13209 | D:10     | Entered Level 10 of the Dungeon
 13281 | D:10     | Reached skill level 3 in Fighting
 13469 | D:10     | Found a large runed translucent door.
 13470 | D:10     | Found a large runed translucent door.
 13472 | D:10     | Noticed zhov's ghost (journeyman FoHu)
 13486 | D:10     | Noticed a two-headed ogre
 13508 | D:10     | Killed a two-headed ogre
 13509 | D:10     | Reached skill level 4 in Fighting
 13553 | D:10     | Reached ** piety under Dithmenos
 13561 | D:10     | Reached skill level 5 in Fighting
 13576 | D:10     | Reached XP level 11. HP: 47/56 MP: 14/14
 13707 | D:10     | Found a glowing golden altar of the Shining One.
 14293 | D:11     | Reached skill level 6 in Fighting
 14497 | D:11     | Noticed a five-headed hydra
 14542 | D:11     | Found a runed translucent door.
 14545 | D:11     | Noticed a fire dragon
 14545 | D:11     | Noticed a vampire knight
 14545 | D:11     | Noticed an eight-headed hydra
 14546 | D:11     | Noticed a boulder beetle
 14546 | D:11     | Noticed a two-headed ogre
 14599 | D:11     | Noticed a red ugly thing
 14633 | D:11     | Killed a red ugly thing
 14757 | D:11     | Reached skill level 7 in Fighting
 14966 | D:11     | Noticed an orc knight
 14970 | D:11     | Noticed an ogre mage
 14994 | D:11     | Noticed an azure jelly
 15013 | D:11     | Noticed a frost giant
 15013 | D:11     | an azure jelly changed into a frost giant
 15018 | D:11     | Noticed a fire giant
 15018 | D:11     | a frost giant changed into a fire giant
 15086 | D:11     | Noticed a fenstrider witch
 15086 | D:11     | a fire giant changed into a fenstrider witch
 15108 | D:11     | HP: 13/58 [fenstrider witch (shapeshifter) (13)]
 15108 | D:11     | HP: 4/58 [fenstrider witch (shapeshifter) (9)]
 15612 | D:11     | Noticed a deep elf pyromancer
 15633 | D:11     | Killed a deep elf pyromancer
 15756 | D:11     | Noticed a sun demon
 15779 | D:11     | Noticed Urug
 15784 | D:11     | HP: 11/57 [iron imp[a kobold demonologist] (6)]
 16161 | D:11     | Killed a five-headed hydra
 16162 | D:11     | Reached skill level 8 in Fighting
 16387 | D:11     | Noticed a boulder beetle
 16391 | D:11     | HP: 13/60 [orc priest/divine providence[an ogre mage] (12)]
 17182 | D:11     | Reached skill level 9 in Fighting
 17397 | D:11     | Killed an orc knight
 17455 | D:12     | Noticed a deep elf pyromancer
 17463 | D:12     | Killed a deep elf pyromancer
 17594 | D:12     | Noticed a two-headed ogre
 17598 | D:12     | Killed a two-headed ogre
 17603 | D:12     | Found a transporter.
 17603 | D:12     | Found a transporter.
 17656 | D:12     | Found a staircase to the Orcish Mines.
 17680 | D:12     | Reached skill level 10 in Fighting
 17690 | D:12     | Reached skill level 1 in Translocations
 17700 | D:12     | Noticed a four-headed hydra
 17721 | D:12     | Noticed Sabo's ghost (journeyman HOFi)
 17731 | D:12     | Killed a four-headed hydra
 17732 | D:12     | Reached skill level 3 in Translocations
 17732 | D:12     | Reached XP level 12. HP: 67/67 MP: 15/15
 17736 | D:12     | Reached skill level 4 in Translocations
 18044 | D:12     | Reached skill level 5 in Translocations
 18077 | D:12     | Reached *** piety under Dithmenos
 18078 | D:12     | Reached skill level 6 in Translocations
 18145 | D:12     | Found a frozen archway.
 18163 | D:12     | Reached skill level 7 in Translocations
 18176 | IceCv    | Entered an ice cave
 18436 | IceCv    | Reached skill level 8 in Translocations
 18626 | IceCv    | Reached skill level 9 in Translocations
 18731 | D:12     | Reached skill level 10 in Translocations
 18786 | D:12     | Reached skill level 4 in Hexes
 18896 | D:12     | Noticed Sonja
 18910 | D:12     | Killed Sonja
 18911 | D:12     | Reached skill level 5 in Hexes
 18915 | D:12     | HP: 15/67 [orc priest/divine providence (14)]
 19197 | D:11     | Killed Urug
 19198 | D:11     | Reached skill level 6 in Hexes
 19201 | D:11     | P - a +4 double sword of draining {longrare=g}
 19473 | D:12     | Reached **** piety under Dithmenos
 19715 | D:13     | Reached skill level 7 in Hexes
 19851 | Lair:1   | Entered Level 1 of the Lair of Beasts
 19954 | Lair:1   | Reached skill level 8 in Hexes
 20000 | Lair:1   | Noticed Grum
 20017 | Lair:1   | Killed Grum
 20140 | Lair:1   | Noticed an eight-headed hydra
 20142 | Lair:1   | Reached skill level 9 in Hexes
 20211 | Lair:1   | Killed an eight-headed hydra
 20242 | Lair:1   | You pick up a book of Rime and begin reading...
 20242 | Lair:1   | You add the spells Frozen Ramparts, Ice Form and Summon Ice
                  | Beast to your library.
 20887 | Lair:2   | Reached skill level 10 in Hexes
 21016 | Lair:2   | Reached skill level 6 in Stealth
 21061 | Lair:2   | Reached XP level 13. HP: 72/72 MP: 16/16
 21082 | Lair:2   | Reached skill level 7 in Stealth
 21241 | Lair:2   | Reached skill level 8 in Stealth
 21367 | Lair:2   | Reached skill level 9 in Stealth
 21405 | Lair:2   | Found an ornate altar of the Wu Jian Council.
 21540 | Lair:2   | Learned a level 3 spell: Portal Projectile
 21545 | Lair:2   | Learned a level 4 spell: Cause Fear
 21700 | Lair:2   | Reached skill level 10 in Stealth
 21709 | Lair:2   | Found a staircase to the Swamp.
 21981 | Lair:2   | Reached ***** piety under Dithmenos
 22004 | Lair:2   | Reached skill level 11 in Dodging
 22503 | Lair:3   | Reached skill level 12 in Dodging
 22778 | Lair:3   | Found a hole to the Spider Nest.
 22815 | Lair:3   | Reached skill level 13 in Dodging
 23289 | Lair:4   | Identified the +7 battleaxe of Classification {elec, SInv}
 23332 | Lair:4   | You pick up a book of Minor Magic and begin reading...
 23332 | Lair:4   | You add the spells Magic Dart, Call Imp and Mephitic Cloud
                  | to your library.
 23609 | Lair:4   | Reached skill level 14 in Dodging
 23769 | Lair:4   | Noticed a dire elephant
 23814 | Lair:4   | Killed a dire elephant
 23877 | Lair:4   | You add the spells Ignite Poison and Petrify to your
                  | library.
 23877 | Lair:4   | Got the Catalogue of Earthen Toxins
 24550 | Lair:5   | Reached skill level 15 in Dodging
 24550 | Lair:5   | Reached skill level 1 in Evocations
 24560 | Lair:5   | Reached skill level 2 in Evocations
 24578 | Lair:5   | You fall into a shaft and drop 1 floor!
 24578 | Lair:6   | Entered Level 6 of the Lair of Beasts
 24578 | Lair:6   | Found a staircase to the Slime Pits.
 24578 | Lair:6   | Found a viscous altar of Jiyva.
 24585 | Lair:6   | Reached skill level 3 in Evocations
 24606 | Lair:6   | Reached skill level 4 in Evocations
 24635 | Lair:6   | Reached skill level 5 in Evocations
 24667 | Lair:6   | Reached XP level 14. HP: 77/77 MP: 10/17
 24683 | Lair:6   | Reached skill level 6 in Evocations
 24732 | Lair:6   | You pick up a book of Weapons and begin reading...
 24732 | Lair:6   | You add the spells Tukima's Dance and Blade Hands to your
                  | library.
 24756 | Lair:6   | Reached skill level 7 in Evocations
 24763 | Lair:6   | Learned a level 3 spell: Tukima's Dance
 24807 | Lair:6   | Reached skill level 8 in Evocations
 25100 | Lair:6   | Reached ****** piety under Dithmenos
 25122 | Lair:6   | Reached skill level 9 in Evocations
 25225 | Lair:6   | Reached skill level 10 in Evocations
 25316 | Lair:6   | Reached skill level 2 in Spellcasting
 25342 | Lair:6   | Reached skill level 1 in Invocations
 25543 | Lair:6   | You pick up a book of Dangerous Friends and begin
                  | reading...
 25543 | Lair:6   | You add the spells Summon Guardian Golem, Orb of
                  | Destruction and Spellforged Servitor to your library.
 25634 | Lair:6   | You pick up a book of Power and begin reading...
 25634 | Lair:6   | You add the spells Iskenderun's Battlesphere and Iron Shot
                  | to your library.
 25638 | Lair:6   | You pick up a book of Necromancy and begin reading...
 25980 | Lair:5   | Reached skill level 3 in Spellcasting
 25980 | Lair:5   | Reached skill level 2 in Invocations
 25997 | Lair:6   | You drop a +4 double sword of draining {longrare=g}.
 26384 | Lair:5   | Found a runed translucent door.
 26387 | Lair:5   | Noticed Dordric's ghost (journeyman DsAr)
 26387 | Lair:5   | Identified the +1 trident "Bekhe" {drain, rPois Int+5 Dex-4
                  | SInv}
 26642 | Lair:5   | Killed Dordric's ghost
 26843 | Lair:5   | You add the spells Gell's Gravitas, Teleport Other and
                  | Dispersal to your library.
 27036 | D:11     | Reached skill level 4 in Spellcasting
 27036 | D:11     | Reached skill level 3 in Invocations
 27210 | Orc:1    | Entered Level 1 of the Orcish Mines
 27231 | Orc:1    | Found Sukorum's Antique Armour Emporium.
 27736 | Orc:1    | Reached skill level 5 in Spellcasting
 27833 | Orc:2    | Entered Level 2 of the Orcish Mines
 27833 | Orc:2    | Found a bloodstained altar of Trog.
 27833 | Orc:2    | Found Goul's Distillery.
 28010 | Orc:2    | Found a staircase to the Elven Halls.
 28052 | Orc:2    | Reached skill level 4 in Invocations
 28338 | Orc:2    | Noticed Erolcha
 28343 | Orc:2    | Killed Erolcha
 28509 | Orc:2    | Reached skill level 6 in Spellcasting
 28529 | Orc:2    | Found Gioschos's General Store.
 28879 | Orc:2    | Reached skill level 5 in Invocations
 28888 | Orc:2    | Found Mimoz's Magic Scroll Boutique.
 28943 | Orc:2    | Bought a scroll of enchant weapon for 97 gold pieces
 28943 | Orc:2    | Bought an amulet of reflection for 390 gold pieces
 28945 | Orc:2    | Identified a potion of experience
 29139 | Orc:2    | Reached skill level 7 in Spellcasting
 29475 | Orc:2    | Bought a ring of positive energy for 260 gold pieces
 29623 | Orc:2    | Reached skill level 6 in Invocations
 30110 | Orc:2    | Reached skill level 8 in Spellcasting
 30439 | Orc:2    | Reached XP level 15. HP: 61/80 MP: 28/28
 30533 | Orc:2    | Found Kigidd's Antique Armour Shoppe.
 30533 | Orc:2    | Found a one-way gate leading to the halls of Pandemonium.
 30533 | Orc:2    | Found Igallot's Jewellery Emporium.
 30551 | Orc:2    | Bought a warped robe for 199 gold pieces
 30551 | Orc:2    | Identified the +1 robe of Plasticity {Harm} (You bought it
                  | in a shop on level 2 of the Orcish Mines)
 30737 | Elf:1    | Entered Level 1 of the Elven Halls
 30759 | Elf:1    | Reached skill level 7 in Invocations
 30881 | Elf:1    | Noticed a deep elf sorcerer
 30888 | Elf:1    | Reached skill level 9 in Spellcasting
 32101 | D:14     | Reached skill level 8 in Invocations
 32273 | D:14     | You pick up a book of Weapons and begin reading...
 32411 | D:14     | Reached skill level 10 in Spellcasting
 32582 | D:14     | Found a gate to the Vaults.
 32634 | D:14     | Reached skill level 9 in Invocations
 32659 | D:14     | You fall into a shaft and drop 1 floor!
 32659 | D:15     | Entered Level 15 of the Dungeon
 32716 | D:14     | You pick up a book of Frost and begin reading...
 33313 | Swamp:1  | Entered Level 1 of the Swamp
 33542 | Orc:2    | Bought a +6 ring of dexterity for 702 gold pieces
 33542 | Orc:2    | Bought the ring "Gemyq" {rC+ Str+3 Dex+4 SInv} for 610 gold
                  | pieces
 33991 | Swamp:1  | HP: 12/80 [spriggan rider/+0 spear (17)]
 33997 | Swamp:1  | Reached skill level 10 in Invocations
 34189 | Swamp:1  | HP: 20/80 [poisoned by a swamp dragon (poison gas)]
 34190 | Swamp:1  | HP: 6/80 [poisoned by a swamp dragon (poison gas)]
 34191 | Swamp:1  | Succumbed to a swamp dragon's poison gas

Vanquished Creatures
  A dire elephant (Lair:4)
  The ghost of Dordric the Evocator, a journeyman DsAr of Makhleb (Lair:5)
  3 vault guards (D:14)
  Erolcha (Orc:2)
  2 demonspawn (Orc:2)
  8 hydras
  A jorogumo (shapeshifter) (D:14)
  3 centaur warriors
  2 ogre magi
  2 two-headed ogres
  2 tengu warriors (D:14)
  Urug (D:11)
  A deep elf knight (D:14)
  6 orc high priests (Orc:2)
  Sonja (D:12)
  2 soul eaters (Orc:2)
  A sun demon (Orc:2)
  5 goliath frogs
  2 bog bodies (Lair:2)
  9 deep elf pyromancers
  Pikel (D:6)
  9 orc knights
  3 deep elf zephyrmancers (Elf:1)
  4 cyclopes
  3 ugly things
  6 orc sorcerers
  2 manticores
  3 elephants (Lair:3)
  A rust devil (Orc:2)
  3 ice statues (IceCv)
  3 black mambas
  A gargoyle (D:13)
  16 cane toads
  Maggie (D:7)
  4 kobold demonologists
  7 komodo dragons
  An unseen horror (D:12)
  4 rime drakes
  An entropy weaver simulacrum (IceCv)
  A freezing wraith (IceCv)
  A yaktaur (D:14)
  2 ice devils (D:12)
  A meliai (Lair:3)
  8 trolls
  7 polar bears
  19 blink frogs
  3 tyrant leeches
  Prince Ribbit (D:8)
  7 hornets
  7 dream sheep (Lair:6)
  59 yaks
  A human (D:14)
  A wyvern (Lair:3)
  3 wraiths
  2 shadows
  A dire elephant simulacrum (IceCv)
  6 spriggans
  A chaos spawn (Orc:2)
  Grum (Lair:1)
  2 basilisks
  3 steam dragons
  5 vampire mosquitoes (Lair:6)
  A death yak simulacrum (IceCv)
  2 wargs (Orc:1)
  13 water moccasins
  4 acid dragons
  4 swamp worms
  A two-headed ogre zombie (D:12)
  26 orc warriors
  2 black bears
  2 ice beasts (D:6)
  A swamp drake (Swamp:1)
  A sky beast (D:6)
  4 ogres
  A boggart (Lair:5)
  10 wolves
  15 centaurs
  2 phantoms (D:12)
  4 kobold brigands
  19 bullfrogs
  2 gnoll sergeants
  A necrophage (D:8)
  3 cane toad simulacra (IceCv)
  4 scorpions
  3 wights (D:8)
  2 troll zombies (D:12)
  5 killer bees
  3 howler monkeys
  3 electric eels
  A lava snake (D:9)
  2 centaur zombies (Ossuary)
  6 hounds
  3 human zombies (Ossuary)
  2 jellies
  31 orc priests
  15 orc wizards
  Natasha (twice) (D:3)
  An iguana (D:6)
  6 hell rats (Lair:6)
  A polar bear simulacrum (IceCv)
  5 ogre zombies (D:12)
  2 mummies (Ossuary)
  Robin (D:3)
  8 gnolls
  10 adders
  A shadow imp (D:7)
  An adder zombie (Ossuary)
  A worm (D:3)
  A dart slug (D:2)
  87 orcs
  4 ball pythons (D:1)
  7 bats
  5 endoplasms
  5 giant cockroaches
  12 goblins
  9 hobgoblins
  A quokka (D:4)
  3 frilled lizards
  A goblin skeleton (D:12)
  4 goblin zombies
  16 hobgoblin zombies
  2 jackal zombies (Ossuary)
  13 kobolds
  6 kobold zombies (Ossuary)
  2 orc skeletons (D:12)
  23 orc zombies
  6 rats
  2 rat zombies (Ossuary)
  A bush (D:6)
716 creatures vanquished.

Vanquished Creatures (others)
  A dancing weapon (D:13)
  42 fungi
  102 plants
  5 toadstools (D:1)
150 creatures vanquished.

Grand Total: 866 creatures vanquished

Table legend:
 A = Non-vault XP
 B = Vault XP
 C = Vault XP percentage of total XP
 D = Non-vault monster count
 E = Vault monster count
 F = Vault count percentage of total count
                 A         B        C        D         E       F
            +---------+---------+-------+---------+---------+-------
      Total |   68942 |   60625 |  46.8 |     431 |     284 |  39.7
            +---------+---------+-------+---------+---------+-------
        D:1 |      21 |       0 |   0.0 |      15 |       0 |   0.0
        D:2 |      41 |       0 |   0.0 |      16 |       0 |   0.0
        D:3 |      89 |      69 |  43.7 |      17 |      12 |  41.4
        D:4 |     250 |     226 |  47.5 |      16 |       7 |  30.4
        D:5 |     565 |       0 |   0.0 |      14 |       0 |   0.0
        D:6 |    1396 |     727 |  34.2 |      32 |       2 |   5.9
        D:7 |     622 |     395 |  38.8 |      16 |       1 |   5.9
        D:8 |     762 |     706 |  48.1 |      19 |       5 |  20.8
        D:9 |    2447 |     246 |   9.1 |      19 |       2 |   9.5
       D:10 |    2843 |       0 |   0.0 |      11 |       0 |   0.0
       D:11 |    4610 |    4382 |  48.7 |      18 |       7 |  28.0
       D:12 |    5687 |    2108 |  27.0 |      16 |      39 |  70.9
       D:13 |    4998 |       0 |   0.0 |      15 |       0 |   0.0
       D:14 |    2241 |    7518 |  77.0 |       5 |      11 |  68.8
       D:15 |    1058 |       0 |   0.0 |       3 |       0 |   0.0
     Lair:1 |    3754 |    1018 |  21.3 |      12 |       6 |  33.3
     Lair:2 |    7675 |    3114 |  28.9 |      34 |      11 |  24.4
     Lair:3 |    5737 |     632 |   9.9 |      21 |       6 |  22.2
     Lair:4 |    2936 |    1571 |  34.9 |       8 |       4 |  33.3
     Lair:5 |    4382 |    1546 |  26.1 |      19 |       4 |  17.4
     Lair:6 |    6061 |   10632 |  63.7 |      26 |      34 |  56.7
    Swamp:1 |    5298 |       0 |   0.0 |      16 |       0 |   0.0
      Orc:1 |    2101 |     994 |  32.1 |      29 |       4 |  12.1
      Orc:2 |    1583 |   18185 |  92.0 |      31 |      73 |  70.2
      Elf:1 |    1785 |    3077 |  63.3 |       3 |       5 |  62.5
    Ossuary |       0 |     293 | 100.0 |       0 |      39 | 100.0
      IceCv |       0 |    3186 | 100.0 |       0 |      12 | 100.0
            +---------+---------+-------+---------+---------+-------

Illustrated notes

Table legend:
 A = Kills in this place as a percentage of kills in entire the game.
 B = Kills by you in this place as a percentage of kills by you in the entire game.
 C = Kills by friends in this place as a percentage of kills by friends in the entire game.
 D = Other kills in this place as a percentage of other kills in the entire game.
 E = Experience gained in this place as a percentage of experience gained in the entire game.
 F = Experience gained in this place divided by the number of levels of this place that you have seen.
                   A       B       C       D       E      F
               +-------+-------+-------+-------+-------+----------------------
         Total | 100.0 | 100.0 |   N/A |   N/A | 100.0 | 4627.4
       Dungeon |  44.5 |  44.5 |   N/A |   N/A |  34.0 | 2933.8
          Lair |  25.9 |  25.9 |   N/A |   N/A |  37.9 | 8176.3
         Swamp |   2.2 |   2.2 |   N/A |   N/A |   4.1 | 5298.0
  Orcish Mines |  19.2 |  19.2 |   N/A |   N/A |  17.6 | 11431.5
   Elven Halls |   1.1 |   1.1 |   N/A |   N/A |   3.8 | 4862.0
       Ossuary |   5.5 |   5.5 |   N/A |   N/A |   0.2 | 293.0
      Ice Cave |   1.7 |   1.7 |   N/A |   N/A |   2.5 | 3186.0
               +-------+-------+-------+-------+-------+----------------------

Table legend: (Time is in decaauts)
 A = Elapsed time spent in this place.
 B = Non-inter-level travel time spent in this place.
 C = Inter-level travel time spent in this place.
 D = Time resting spent in this place.
 E = Time spent auto-exploring this place.
 F = Levels seen in this place.
 G = Mean time per level.
                   A        B        C        D        E       F      G
               +--------+--------+--------+--------+--------+-----+--------+
         Total |  26216 |  24854 |   1362 |   9036 |  10126 |  28 |  936.3 |
       Dungeon |  16248 |  15344 |    904 |   5886 |   6108 |  15 | 1083.2 |
        Temple |    221 |    182 |     39 |      0 |    179 |   1 |  221.0 |
          Lair |   5201 |   4925 |    276 |   1090 |   2639 |   6 |  866.8 |
         Swamp |    340 |    338 |      2 |    178 |     60 |   1 |  340.0 |
  Orcish Mines |   3047 |   2908 |    139 |   1274 |    950 |   2 | 1523.5 |
   Elven Halls |    137 |    137 |      0 |     79 |      3 |   1 |  137.0 |
       Ossuary |    558 |    558 |      0 |    218 |    184 |   1 |  558.0 |
      Ice Cave |    460 |    460 |      0 |    310 |      0 |   1 |  460.0 |
               +--------+--------+--------+--------+--------+-----+--------+

Top non-repeatable levels by time:
    D:11: 2600 daAuts
   Orc:2: 2488 daAuts
     D:6: 1799 daAuts
    D:10: 1459 daAuts
     D:9: 1455 daAuts
  Lair:2: 1311 daAuts
     D:5: 1161 daAuts
     D:8: 1074 daAuts
  Lair:6: 1068 daAuts
     D:3: 993 daAuts
     D:4: 952 daAuts
    D:12: 909 daAuts
  Lair:5: 827 daAuts
     D:2: 826 daAuts
     D:7: 824 daAuts
